 Dungeon Crawl Stone Soup version 0.23.2-1-ga50397a (webtiles) character file.

Game seed: 10978030237481669880

779 HASTUR3 the Caller (level 7, 14/36 HPs)
             Began as a Deep Elf Ice Elementalist on May 31, 2019.
             Quit the game on level 4 of the Dungeon.
             The game lasted 00:26:59 (4470 turns).

HASTUR3 the Caller (Deep Elf Ice Elementalist)      Turns: 4470, Time: 00:27:00

Health: 14/36      AC:  4    Str:  5    XL:     7   Next: 54%
Magic:  1/16       EV: 13    Int: 22    God:
Gold:   204        SH:  0    Dex: 15    Spells: 6/16 levels left

rFire    . . .     SeeInvis .   n - +5 dagger (chaos)
rCold    + . .     Gourm    .   (no shield)
rNeg     . . .     Faith    .   e - +2 robe {rC+}
rPois    .         Spirit   .   (no helmet)
rElec    .         Reflect  .   (no cloak)
rCorr    .         Harm     .   (no gloves)
MR       .....                  (no boots)
Stlth    ++........             h - amulet of rage
HPRegen  0.12/turn              (no ring)
MPRegen  0.15/turn              (no ring)

@: no status effects
A: no striking features
a: Evoke Berserk Rage


You were on level 4 of the Dungeon.
You were hungry.

You visited 1 branch of the dungeon, and saw 4 of its levels.

You collected 204 gold pieces.

Inventory:

Hand Weapons
 n - a +5 dagger of chaos (weapon)
Armour
 d - a scarf of spirit shield
 e - a +2 robe of cold resistance (worn)
Jewellery
 h - an amulet of rage (around neck)
Wands
 k - a wand of random effects (42)
 o - a wand of flame (12)
Potions
 g - a potion of cancellation {unknown}
 j - a potion of lignification
 l - a potion of degeneration {unknown}
 m - 2 potions of curing
 s - a potion of mutation {unknown}
Comestibles
 b - 4 chunks of flesh
 c - 7 rations


   Skills:
 + Level 2.5 Short Blades
 - Level 3.3 Dodging
 - Level 2.4 Stealth
 - Level 5.1 Spellcasting
 - Level 3.0 Conjurations
 - Level 4.0 Charms
 - Level 5.1 Summonings
 - Level 4.6 Ice Magic


You had 6 spell levels left.
You knew the following spells:

 Your Spells              Type           Power        Failure   Level  Hunger
a - Freeze                Ice            ####         1%          1    None
b - Throw Frost           Conj/Ice       ###...       3%          2    None
c - Ozocubu's Armour      Chrm/Ice       ###.....     4%          3    ##.....
d - Summon Ice Beast      Ice/Summ       ####....     14%         4    ####...

Your spell library contained the following spells:

 Spells                   Type           Power        Failure   Level  Hunger
 Throw Icicle             Conj/Ice       ###.....     21%         4    ####...


Dungeon Overview and Level Annotations

Branches:
Dungeon (4/15)
 Temple: D:4-7

Altars:
Nemelex Xobeh
Xom
Zin

Annotations:
D:4 2 transporters, Killmatronix's ghost, amateur MiWn


Message History

Duvessa is almost dead.
Duvessa hits you with a +0 rapier. x2
Casting: Freeze (safe; 1% risk of failure)
Confirm with . or Enter, or press ? or * to list all spells.
Aiming: Freeze (safe; 1% risk of failure)
Press: ? - help, Shift-Dir - straight line, f/p - Duvessa
Aim: Duvessa, wielding a +0 rapier, wearing a +0 leather armour and carrying a wand of random effects (19) (almost dead, berserk, fast, unusually strong)
You freeze Duvessa!
You kill Duvessa!
Your Short Blades skill increases to level 2!
Your icy armour cracks and falls away as you move.
k - a wand of random effects (42) (gained 19 charges)
Things that are here:
a +0 rapier; a +0 leather armour; the elf corpse of Duvessa You butcher the elf corpse of Duvessa.
b - 4 chunks of flesh (gained 2)
Things that are here:
a +0 rapier; a +0 leather armour; the elf skeleton of Duvessa
Okay, then.
Are you sure you want to abandon this character and quit the game? (Confirm with "yes".)

.....................#.# #......
....##.......###.#...#.# #.#####
.##.####.##### #.....>.# #.##...
.......#.# ###...### #.##.##
###.##.#.#### #...######......
....##.#....# #..............#
............######....###..###...
...###............^.........##..#
...###..........@Y..............#
...##....................Y....#.#
...##.#.....######....###..#....#
...##.#.....# ##..........###..
#........##.# #.....[####.# #..
*####.#.###.# #....#.# #.###..
#.......# ##.#..#.# ##.....
#####)########.###.#[# ###.#.
#.....# #.....#..#># #.#.


You could see a friendly ice beast.

Vanquished Creatures
  Sigmund (D:3)
  Duvessa (D:4)
  A scorpion (D:4)
  Dowan (D:4)
  3 orc wizards
  A bullfrog skeleton (D:4)
  5 worker ants
  An iguana (D:4)
  8 gnolls
  5 adders
  An ooze (D:1)
  2 worms
  2 dart slugs
  A leopard gecko (D:4)
  10 orcs
  5 bats
  A giant cockroach (D:2)
  7 goblins
  8 hobgoblins
  7 jackals
  3 kobolds
  2 quokkas
  2 ball pythons (D:3)
  3 frilled lizards
  A quokka skeleton (D:4)
  3 rats
85 creatures vanquished.

Vanquished Creatures (collateral kills)
  2 orcs (D:4)
2 creatures vanquished.

Grand Total: 87 creatures vanquished

Notes
Turn   | Place    | Note
-------+----------+-------------------------------------------
     0 | D:1      | HASTUR3 the Deep Elf Ice Elementalist began the quest for
                  | the Orb.
     0 | D:1      | Reached XP level 1. HP: 10/10 MP: 6/6
   353 | D:1      | Reached XP level 2. HP: 15/15 MP: 5/8
   357 | D:1      | Learned a level 2 spell: Throw Frost
  1024 | D:2      | Reached XP level 3. HP: 19/19 MP: 2/9
  1031 | D:2      | Learned a level 3 spell: Ozocubu's Armour
  1416 | D:2      | Reached skill level 1 in Charms
  1721 | D:2      | Reached XP level 4. HP: 16/24 MP: 1/11
  1975 | D:2      | Found a shimmering altar of Xom.
  1981 | D:2      | Learned a level 4 spell: Summon Ice Beast
  2385 | D:3      | Reached skill level 1 in Summonings
  2385 | D:3      | Reached XP level 5. HP: 28/28 MP: 3/13
  2613 | D:3      | Noticed Sigmund
  2631 | D:3      | Killed Sigmund
  2631 | D:3      | Reached XP level 6. HP: 28/32 MP: 1/14
  3479 | D:3      | Found a sparkling altar of Nemelex Xobeh.
  3479 | D:3      | Found a glowing silver altar of Zin.
  3656 | D:4      | Reached skill level 5 in Summonings
  3803 | D:4      | Found a transporter.
  3805 | D:4      | Found a transporter.
  3806 | D:4      | Noticed Killmatronix's ghost (amateur MiWn)
  3833 | D:4      | Reached XP level 7. HP: 21/36 MP: 9/15
  4028 | D:4      | Noticed Duvessa
  4032 | D:4      | Noticed Dowan
  4060 | D:4      | Reached skill level 5 in Spellcasting
  4073 | D:4      | Killed Dowan
  4073 | D:4      | Reached skill level 1 in Short Blades
  4465 | D:4      | Killed Duvessa
  4470 | D:4      | Quit the game

Skill      XL: |  1  2  3  4  5  6  7 |
---------------+----------------------+-----
Ice Magic      | 4 |  4.6
Conjurations   | 2 3 |  3.0
Charms         | 2 3 4 |  4.0
Spellcasting   | 4 5 |  5.1
Summonings     | 1 4 5 |  5.1
Dodging        | 3 |  3.3
Short Blades   | 2 |  2.5
Stealth        | |  2.4

Action                   |  1- 3 |  4- 6 |  7- 9 || total
-------------------------+-------+-------+-------++-------
Melee: Dagger            |     1 |    28 |    35 ||    64
 Cast: Freeze            |    44 |    56 |    20 ||   120
       Throw Frost       |    13 |    30 |     6 ||    49
       Ozocubu's Armour  |     2 |     6 |     2 ||    10
       Summon Ice Beast  |       |     2 |     2 ||     4
  Use: Scroll            |       |       |     5 ||     5
       Potion            |       |       |     4 ||     4
 Stab: Sleeping          |       |     1 |     1 ||     2
       Confused          |       |       |     1 ||     1
  Eat: Chunk             |     3 |     7 |     2 ||    12
Armor: Robe              |       |    17 |     4 ||    21
       Skin              |       |       |    66 ||    66
Dodge: Dodged            |    22 |    50 |    19 ||    91
